 Dungeon Crawl Stone Soup version 0.30-a0-458-g86641cc369 (webtiles) character file.

Game seed: 15735525045247457252

98 PimpSugar the Magician (level 4, -4/32 HPs)
             Began as a Demonspawn Hedge Wizard on Dec 14, 2022.
             Killed by nerve-wracking pain
             ... invoked by an orc priest
              (7 damage)
             ... on level 3 of the Dungeon.
             The game lasted 00:06:20 (2256 turns).

PimpSugar the Magician (Demonspawn Hedge Wizard)    Turns: 2256, Time: 00:06:22

Health: -4/32      AC:  2    Str: 11    XL:     4   Next: 43%
Magic:  0/9        EV: 12    Int: 17    God:
Gold:   122        SH:  0    Dex: 12    Spells: 7/10 levels left

rFire   . . .      SeeInvis .    a - +0 dagger (flame)
rCold   . . .      Faith    .    (no shield)
rNeg    . . .      Spirit   +    b - +0 robe
rPois   .          Reflect  .    c - +0 hat
rElec   .          Harm     .    (no cloak)
rCorr   .          Rampage  .    (no gloves)
Will    .....                    (no boots)
Stlth   ++........               d - amulet of guardian spirit
HPRegen 0.25/turn                (no ring)
MPRegen 0.11/turn                (no ring)

@: flying
A: demonic guardian 1, sturdy frame 1, demonic touch 1
a: no special abilities


You were on level 3 of the Dungeon.
You visited 1 branch of the dungeon, and saw 3 of its levels.

You collected 122 gold pieces.

Inventory:

Hand Weapons
 a - a +0 dagger of flaming (weapon)
 n - a +0 sling
Missiles
 g - 6 poisoned darts
 l - 19 stones
Armour
 b - a +0 robe (worn)
 c - a +0 hat (worn)
Jewellery
 d - an amulet of guardian spirit (around neck)
Wands
 t - a wand of roots (9)
Scrolls
 f - a scroll of brand weapon
 i - 3 scrolls of immolation {unknown}
 k - 2 scrolls of identify {unknown}
 p - 2 scrolls of teleportation
 r - a scroll of amnesia {unknown}
 v - a scroll of fear {unknown}
 w - a scroll of noise {unknown}
Potions
 e - 2 potions of mutation {unknown}
 h - a potion of flight
 j - a potion of magic
 m - a potion of cancellation {unknown}
 o - a potion of might {unknown}
 q - a potion of curing {unknown}
 s - a potion of attraction {unknown}
 u - a potion of ambrosia {unknown}


   Skills:
 + Level 1.2 Fighting
 - Level 2.0 Dodging
 + Level 2.3 Stealth
 * Level 3.6 Spellcasting
 + Level 1.6 Conjurations
 + Level 1.6 Summonings
 + Level 1.6 Translocations


You had 7 spell levels left.
You knew the following spells:

 Your Spells              Type           Power      Damage    Failure   Level
a - Magic Dart            Conj           32%        1d4       9%          1
b - Call Imp              Summ           8%         N/A       13%         2

Your spell library contained the following spells:

 Spells                   Type           Power      Damage    Failure   Level
 Blink                    Tloc           16%        N/A       12%         2
 Necrotise                Necr           12%        1d4       17%         1
 Slow                     Hex            12%        N/A       17%         1
 Cigotuvi's Dreadful Rot  Necr/Pois/Air  6%         N/A       26%         2
 Mephitic Cloud           Conj/Pois/Air  4%         N/A       36%         3
 Vampiric Draining        Necr           3%         2d6       45%         3
 Agony                    Necr           3%         N/A       99%         5


Dungeon Overview and Level Annotations

Branches:
Dungeon (3/15)

Altars:
Gozag

Shops:
D:1 (


Innate Abilities, Weirdness & Mutations

A weak demonic guardian rushes to your aid.
Your movements are slightly less encumbered by armour. (ER -2)
Your touch may inflict minor irresistible damage on your foes.


Message History

The orc closely misses your crimson imp.
You closely miss the orc.
Your crimson imp hits the orc.
The orc priest mumbles some strange prayers to Beogh against you.
Beogh smites you!
The orc hits your crimson imp but does no damage.
You hit the orc but do no damage.
The orc is lightly wounded.
Your crimson imp hits the orc but does no damage.
The orc hits you with a +0 club.
You hit the orc but do no damage.
The orc is lightly wounded.
The orc priest casts a cantrip, but nothing happens.
Your crimson imp hits the orc but does no damage.
The orc closely misses your crimson imp.
Your magical contamination has completely faded away.
You hit the orc. You burn the orc.
You touch the orc.
You kill the orc!
The bat barely misses you.
Your crimson imp hits the bat.
The orc priest mumbles some strange prayers to Beogh against you.
Beogh smites you! The bat completely misses you.
You hit the orc priest but do no damage.
The bat hits you but does no damage.
The bat hits your crimson imp but does no damage.
The orc closely misses you.
Your crimson imp misses the bat.
The orc priest barely misses you. The bat misses your crimson imp.
You hit the orc priest but do no damage.
The bat hits you.
* * * LOW HITPOINT WARNING * * *
The orc hits you but does no damage. The orc priest hits you with a +0 club.
* * * LOW HITPOINT WARNING * * *
A demonic guardian appears!
The bat completely misses your crimson imp.
It was a potion of flight.
You feel very buoyant.
You fly up into the air.
The bat misses your crimson imp. x2
The orc hits you with a +0 dagger.
* * * LOW HITPOINT WARNING * * *
The orc priest invokes the aid of Beogh against you.
Pain shoots through your body!
You die...

..# # #.# . #. #.#
.# #..# #.###.# #..
#b#..+# #..####5....
#....5o)o#
##.####.@#
######...##..##
............##
#####...#.##
####.##..#
#....###..# ##
#.##.# ...###..
..###.##.###.#..#..#
#..................#


You could see an orc priest, an orc (ally target), a bat (ally target), a
friendly crimson imp (summoned) and a friendly white imp (summoned).

Vanquished Creatures
  An adder (D:2)
  A shadow imp (D:3)
  4 dart slugs
  An orc (D:3)
  3 bats
  3 endoplasms
  4 giant cockroaches
  5 hobgoblins
  3 jackals (D:3)
  2 ball pythons (D:1)
  4 frilled lizards
  2 goblins
  2 kobolds
  5 rats
40 creatures vanquished.

Vanquished Creatures (collateral kills)
  A gnoll (D:1)
  An adder (D:2)
  A worm (D:2)
  2 goblins
  A hobgoblin (D:1)
  A jackal (D:3)
  A ball python (D:1)
  2 bats (D:1)
  A frilled lizard (D:1)
11 creatures vanquished.

Vanquished Creatures (others)
  A plant (D:2)
  4 withered plants (D:2)
5 creatures vanquished.

Grand Total: 56 creatures vanquished

Notes
Turn   | Place    | Note
-------+----------+-------------------------------------------
     0 | D:1      | PimpSugar the Demonspawn Hedge Wizard began the quest for
                  | the Orb.
     0 | D:1      | Reached XP level 1. HP: 13/13 MP: 4/4
    28 | D:1      | Reached skill level 1 in Translocations
   140 | D:1      | Gained mutation: A weak demonic guardian rushes to your
                  | aid. [demonic ancestry]
   140 | D:1      | Reached XP level 2. HP: 4/19 MP: 3/6
   366 | D:1      | Found Tuudgh's Antique Weapon Shop.
   464 | D:1      | Learned a level 2 spell: Call Imp
   517 | D:1      | Gained mutation: Your touch may inflict minor irresistible
                  | damage on your foes. [demonic ancestry]
   517 | D:1      | Reached XP level 3. HP: 5/25 MP: 0/7
  1386 | D:2      | Reached skill level 1 in Fighting
  1577 | D:2      | Gained mutation: Your movements are slightly less
                  | encumbered by armour. (ER -2) [demonic ancestry]
  1577 | D:2      | Reached XP level 4. HP: 32/32 MP: 7/9
  1706 | D:2      | Found a faded altar of an unknown god.
  1834 | D:3      | Found an opulent altar of Gozag.
  2256 | D:3      | Killed from afar by an orc priest

Illustrated notes

Levels and vault maps discovered:
D:1:      dpeg_arrival_rooms_with_view, layout_basic, serial_shops,
          nicolae_shop_crystal
D:2:      layout_rooms, shapermc_ecumenical_altar_flowoftime, basic_altar
D:3:      layout_loops_corners, nemelex_diamond_rough_becter,
          grunt_gozag_statues, moated_statue, grunt_ministairs_8,
          nicolae_eternal_life, hex_medium

Skill      XL: |  1  2  3 |
---------------+----------+-----
Translocations | 1 |  1.6
Dodging        | 2 |  2.0
Stealth        | 2 |  2.3
Fighting       | 1 |  1.2
Spellcasting   | |  3.6
Conjurations   | |  1.6
Summonings     | |  1.6

Action                   |  1- 3 |  4- 6 || total
-------------------------+-------+-------++-------
Melee: Dagger            |   113 |    60 ||   173
       Touch             |     7 |    12 ||    19
       Punch             |     1 |       ||     1
 Cast: Magic Dart        |    24 |    10 ||    34
       Call Imp          |     3 |     2 ||     5
  Use: Potion            |     1 |     1 ||     2
       Scroll            |     2 |       ||     2
 Stab: Sleeping          |     1 |       ||     1
Armor: Robe              |    20 |    15 ||    35
Dodge: Dodged            |    99 |    42 ||   141

Table legend: (Time is in decaauts)
 A = Elapsed time spent in this place.
 B = Non-inter-level travel time spent in this place.
 C = Inter-level travel time spent in this place.
 D = Time resting spent in this place.
 E = Time spent auto-exploring this place.
 F = Levels seen in this place.
 G = Mean time per level.
                   A        B        C        D        E       F      G
               +--------+--------+--------+--------+--------+-----+--------+
         Total |   2255 |   2130 |    125 |    123 |   1215 |   3 |  751.7 |
       Dungeon |   2255 |   2130 |    125 |    123 |   1215 |   3 |  751.7 |
               +--------+--------+--------+--------+--------+-----+--------+

Top non-repeatable levels by time:
     D:1: 1204 daAuts
     D:2: 596 daAuts
     D:3: 454 daAuts
